 Dungeon Crawl Stone Soup version 0.31-a0-750-gfe7b580527 (webtiles) character file.

Game seed: 5196102003870511059

282 CowFu the Skirmisher (level 6, -1/35 HPs)
             Began as a Kobold Hunter on Sept 15, 2023.
             Slain by a gnoll
             ... wielding a +0 halberd
             ... led by a gnoll sergeant
              (11 damage)
             ... on level 4 of the Dungeon.
             The game lasted 00:02:12 (2500 turns).

CowFu the Skirmisher (Kobold Hunter)                Turns: 2500, Time: 00:02:13

Health: -1/35      AC:  4    Str:  8    XL:     6   Next: 54%
Magic:  6/6        EV: 15    Int: 11    God:
Gold:   183        SH:  0    Dex: 22    Spells: 5/5 levels left

rFire   . . .        a - +0 arbalest (freeze)
rCold   + . .        (shield currently unavailable)
rNeg    . . .        c - +0 leather armour
rPois   +            (no helmet)
rElec   .            b - +0 cloak
rCorr   .            (no gloves)
SInv    .            (no boots)
Will    .....        (no amulet)
Stlth   +++          i - ring of Kueblim {Fly rPois rC+ Dex+2}
HPRegen 0.25/turn    (no ring)
MPRegen 0.10/turn

%: no passive effects
@: flying
A: small, no large weapons, nightstalker 3
a: no special abilities


You were on level 4 of the Dungeon.
You visited 1 branch of the dungeon, and saw 4 of its levels.

You collected 183 gold pieces.

Inventory:

Hand Weapons
 a - a +0 arbalest of freezing (weapon)
 k - a +0 shortbow
Missiles
 t - a throwing net
Armour
 b - a +0 cloak (worn)
 c - a +0 leather armour (worn)
Jewellery
 i - the ring of Kueblim (left hand) {Fly rPois rC+ Dex+2}
   (You found it on level 2 of the Dungeon)

   [ring of flight]

   Dex+2:     It affects your dexterity (+2).
   rC+:       It protects you from cold.
   rPois:     It protects you from poison Fly: It grants you flight.
Scrolls
 e - a scroll of brand weapon {unknown}
 f - a scroll of silence {unknown}
 l - a scroll of enchant armour {unknown}
 n - a scroll of amnesia {unknown}
 o - 3 scrolls of teleportation {unknown}
 p - 3 scrolls of vulnerability {unknown}
 q - 2 scrolls of identify {unknown}
Potions
 d - 2 potions of ambrosia {unknown}
 g - 3 potions of heal wounds {unknown}
 h - 3 potions of curing {unknown}
 j - a potion of brilliance {unknown}
 m - a potion of invisibility {unknown}
 r - a potion of enlightenment {unknown}
 s - 2 potions of attraction {unknown}


   Skills:
 - Level 2.1 Fighting
 + Level 9.7 Ranged Weapons
 - Level 2.4 Dodging
 - Level 1.3 Stealth


You had 5 spell levels left.
You didn't know any spells.
Your spell library was empty.

Dungeon Overview and Level Annotations

Branches:
Dungeon (4/15)
 Temple: D:4-7

Altars:
Vehumet


Innate Abilities, Weirdness & Mutations

You are small and have problems with some larger weapons.
You are completely attuned to the shadows.


Message History

You kill the gnoll!
No target in view!
No target in view!
t - a throwing net You see here a +0 club.
A gnoll sergeant comes into view. It is wielding a +0 trident.
You shoot a bolt.
The bolt closely misses the gnoll sergeant.
The gnoll sergeant shouts!
You hear a shout!
A gnoll comes into view.
It is wielding a +2 whip of electrocution.
There are monsters nearby!
You shoot a bolt. The bolt hits the gnoll sergeant!!
The bolt freezes the gnoll sergeant.
The gnoll sergeant is almost dead.
A gnoll comes into view. It is wielding a +0 halberd.
The gnoll sergeant hits you from afar with a +0 trident!
There are monsters nearby!
You shoot a bolt.
The bolt hits the gnoll sergeant but does no damage.
The gnoll sergeant is almost dead.
The gnoll sergeant barely misses you.
You shoot a bolt. The bolt barely misses the gnoll.
The bolt hits the gnoll sergeant!
The bolt freezes the gnoll sergeant.
You kill the gnoll sergeant!
The gnoll hits you with a +2 whip of electrocution.
You are electrocuted!
The gnoll hits you with a +2 whip of electrocution.
* * * LOW HITPOINT WARNING * * *
The gnoll misses you.
You are too injured to fight recklessly!
You are too injured to fight recklessly!
You are too injured to fight recklessly!
Fire: a) +0 arbalest (freeze)
Press: ? - help, Q - select action, (/) - cycle Shift-Dir - straight line, f/p - gnoll
Aim: a gnoll, wielding a +2 whip of electrocution (68% to hit)
You shoot a bolt. The bolt barely misses the gnoll.
The bolt hits the gnoll.
The bolt freezes the gnoll.
The gnoll is moderately wounded.
The gnoll hits you from afar with a +0 halberd!
You die...

# ♣ # ♣ # # . ##
##♣.P ### ..
.###.♣♣.♣♣♣♣.#####...
.'...♣ ♣...♣...)@gg..
.###.♣ ♣P.....####...
## #.#♣♣♣..♣..# .. #
#.#.#...#..# #
#.#.#.###..#
#.#........#
#.###.###. #...).....
#####.####


You could see 2 gnolls.

Vanquished Creatures
  Blork the orc (D:4)
  A gnoll sergeant (D:4)
  Terence (D:2)
  An orc wizard (D:3)
  4 adders
  A gnoll (D:4)
  A worm (D:2)
  2 orcs (D:3)
  5 ball pythons
  4 endoplasms
  3 giant cockroaches
  5 goblins
  5 hobgoblins
  7 kobolds
  3 quokkas
  7 bats
  4 frilled lizards
  5 rats
60 creatures vanquished.

Notes
Turn   | Place    | Note
-------+----------+-------------------------------------------
     0 | D:1      | CowFu the Kobold Hunter began the quest for the Orb.
     0 | D:1      | Reached XP level 1. HP: 12/12 MP: 1/1
   126 | D:1      | Reached XP level 2. HP: 17/17 MP: 2/2
   181 | D:1      | Reached skill level 6 in Ranged Weapons
   655 | D:1      | Reached XP level 3. HP: 21/21 MP: 3/3
   772 | D:2      | Noticed Terence
   779 | D:2      | Killed Terence
   780 | D:2      | Reached skill level 7 in Ranged Weapons
   780 | D:2      | Reached XP level 4. HP: 9/26 MP: 4/4
  1132 | D:2      | Identified the ring of Kueblim {Fly rPois rC+ Dex+2}
  1637 | D:3      | Reached skill level 8 in Ranged Weapons
  1637 | D:3      | Reached XP level 5. HP: 30/30 MP: 5/5
  2000 | D:3      | Found a radiant altar of Vehumet.
  2460 | D:4      | Noticed Blork the orc
  2463 | D:4      | Killed Blork the orc
  2464 | D:4      | Reached skill level 9 in Ranged Weapons
  2464 | D:4      | Reached XP level 6. HP: 32/35 MP: 6/6
  2500 | D:4      | Slain by a gnoll

Illustrated notes

Levels and vault maps discovered:
D:1:      psy_arrival_dodecagon, layout_basic, amethyst_killhole
D:2:      layout_basic, uniq_terence
D:3:      layout_loops_ring, vehumet_crystals
D:4:      layout_loops_corners, gammafunk_temple_overflow_statue,
          nicolae_sif_muna_little_library, serial_forest,
          infiniplex_forest_corner_2, infiniplex_forest_straight_3,
          infiniplex_forest_lined_1, infiniplex_forest_clump_tiny,
          infiniplex_forest_clump_small, infiniplex_forest_clump_small,
          amcnicky_mini_rare_corridor_liquid, nicolae_grassy_gnolls, uniq_pikel,
          uniq_blork_the_orc

Skill      XL: |  1  2  3  4  5 |
---------------+----------------+-----
Ranged Weapons | 6 7 8 9 |  9.7
Fighting       | |  2.1
Dodging        | |  2.4
Stealth        | |  1.3

Action                     |  1- 3 |  4- 6 || total
---------------------------+-------+-------++-------
  Melee: Unarmed           |       |     6 ||     6
   Fire: Shortbow          |    54 |    34 ||    88
         Arbalest          |       |    53 ||    53
    Use: Scroll            |       |     1 ||     1
 Armour: Leather armour    |     9 |    31 ||    40
  Dodge: Dodged            |    10 |    29 ||    39

Table legend: (Time is in decaauts)
 A = Elapsed time spent in this place.
 B = Non-inter-level travel time spent in this place.
 C = Inter-level travel time spent in this place.
 D = Time resting spent in this place.
 E = Time spent auto-exploring this place.
 F = Levels seen in this place.
 G = Mean time per level.
                   A        B        C        D        E       F      G
               +--------+--------+--------+--------+--------+-----+--------+
         Total |   2536 |   2413 |    123 |      0 |   2080 |   4 |  634.0 |
       Dungeon |   2536 |   2413 |    123 |      0 |   2080 |   4 |  634.0 |
               +--------+--------+--------+--------+--------+-----+--------+

Top non-repeatable levels by time:
     D:3: 793 daAuts
     D:2: 765 daAuts
     D:1: 764 daAuts
     D:4: 214 daAuts
